 Dungeon Crawl Stone Soup version 0.15-a0-1206-g3bad1a6 (webtiles) character file.

46 MrVile the Grave Robber (level 3, 0/16 HPs)
             Began as a Vine Stalker Necromancer on June 1, 2014.
             Slain by a gnoll
             ... wielding a +0,+0 halberd
              (12 damage)
             ... on Level 2 of the Dungeon.
             The game lasted 00:08:54 (1089 turns).

MrVile the Grave Robber (Vine Stalker Necromancer)  Turns: 1089, Time: 00:08:54

HP   0/16        AC  4     Str 10      XL: 3   Next: 68%
MP   0/7         EV 10     Int 15      God:
Gold 87          SH  0     Dex 15      Spells:  2 memorised,  2 levels left

rFire  . . .     SeeInvis .       - Unarmed
rCold  . . .     Clarity  .     r - +1 leather armour
rNeg   . . .     rCorr    .     (no shield)
rPois  .         rRot     +     (no helmet)
rElec  .         Spirit   +     (no cloak)
SustAb .         Warding  .     (no gloves)
rMut   .         Stasis   .     (no boots)
Gourm  .                        (no amulet)
MR     +....                    (no ring)
                                m - ring of protection from magic

@: somewhat resistant to hostile enchantments, unstealthy
A: fangs 2, regeneration 1, magic shield, antimagic bite, no device heal 3, rot
immunity
a: no special abilities


You were on level 2 of the Dungeon.
You were not hungry.

You visited 1 branch of the dungeon, and saw 2 of its levels.

You collected 87 gold pieces.

Inventory:

Armour
 a - a +0 robe
 r - a +1 leather armour (worn)
Comestibles
 c - 3 bread rations
 g - 2 beef jerkies
 l - a fruit
Scrolls
 d - a scroll of fear {unknown}
 h - a scroll of recharging {unknown}
 i - 2 scrolls of random uselessness {unknown}
 j - a scroll of immolation {unknown}
 k - a scroll of enchant weapon I {unknown}
 p - a scroll of identify {unknown}
 q - a scroll of enchant armour {unknown}
Jewellery
 m - a ring of protection from magic (left hand)
Potions
 e - a potion of heal wounds {unknown}
 f - a potion of curing {unknown}
 n - a potion of resistance {unknown}
 o - a potion of might {unknown}
Books
 b - a book of Necromancy

   Spells                             Type                      Level
   *Pain                              Necromancy                   1
   Animate Skeleton                   Necromancy                   1
   *Vampiric Draining                 Necromancy                   3
   Regeneration                       Charms/Necromancy            3
   Animate Dead                       Necromancy                   4
   Control Undead                     Necromancy                   4


   Skills:
 - Level 1.5 Dodging
 - Level 2.4 Stealth
 * Level 2.8 Unarmed Combat
 - Level 2.1 Spellcasting
 + Level 4.2 Necromancy


You had 2 spell levels left.
You knew the following spells:

 Your Spells              Type           Power        Failure   Level  Hunger
a - Pain                  Necr           ##..         4%          1    #......
b - Vampiric Draining     Necr           ##........   14%         3    ####...


Dungeon Overview and Level Annotations

Branches:
Dungeon (2/15)

Altars:
Xom
Zin

Annotations:
D:2 Jessica


Innate Abilities, Weirdness & Mutations

You have extremely sharp teeth.
Your natural rate of healing is unusually fast.
When hurt, damage is shared between your health and your magic reserves.
Your bite disrupts and absorbs the magic of your enemies.
Potions and wands cannot restore your health.
You are immune to rotting.


Message History

You hit the gnoll.
You kill the gnoll!
Cast which spell? (? or * to list)
Okay, then.
You hit the gnoll.
The gnoll is moderately wounded.
The gnoll picks up a halberd.
The gnoll wields a halberd.
You hit the gnoll. Your bite misses the gnoll.
The gnoll is moderately wounded.
Jessica says, "Why did you come here?" The gnoll hits you with a halberd!
Ouch! That really hurt!
Cast which spell? (? or * to list)
Aiming: Vampiric Draining
Press: ? - help, Shift-Dir - straight line, f - gnoll
Aim: a gnoll, wielding a halberd (moderately wounded)
The gnoll is almost dead.
You feel life coursing into your body. The gnoll hits you with a halberd!
Ouch! That really hurt!
You die...

###.###
###+###########.....#
#.....##............#
#.....#...._........#
#.....#..#####......#
#.....+..#.A.#.......
#........#..$#......#
####'##..#...#......#
#@##..#####......#
#g##...._....##.##
#@###g......###...
.g. .######## ###.
... . . ...... .
...... [ #...... .
... .


You could see 2 gnolls and Jessica.

Vanquished Creatures
  2 gnolls
  2 giant geckos (D:1)
  5 goblins
  3 hobgoblins
  3 jackals (D:1)
  3 bats (D:1)
  A giant newt (D:2)
  4 kobolds (D:1)
  8 rats
31 creatures vanquished.

Notes
Turn   | Place    | Note
--------------------------------------------------------------
     0 | D:1      | MrVile, the Vine Stalker Necromancer, began the quest for the Orb.
     0 | D:1      | Reached XP level 1. HP: 9/9 MP: 3/3
    56 | D:1      | Reached skill level 1 in Unarmed Combat
    88 | D:1      | Reached XP level 2. HP: 1/13 MP: 1/5
   405 | D:1      | Reached XP level 3. HP: 16/16 MP: 7/7
   410 | D:1      | Learned a level 3 spell: Vampiric Draining
  1032 | D:2      | Noticed an angel
  1032 | D:2      | Found a glowing silver altar of Zin.
  1032 | D:2      | Found a shimmering altar of Xom.
  1066 | D:2      | Noticed Jessica
  1089 | D:2      | Slain by a gnoll

Action                   || total
-------------------------++-------
Melee: Unarmed           ||   135
 Cast: Vampiric Draining ||     1
 Stab: Sleeping          ||     4
